 Dungeon Crawl Stone Soup version bcrawl-1.27.8b (webtiles) character file.

Game seed: 17556173013768651231

92183 MisterOstroum the Sneak (level 1, -3/17 HPs)
             Began as a Draconian Wanderer on Nov 11, 2020.
             Slain by a leopard gecko (4 damage)
             ... on level 1 of the Dungeon.
             The game lasted 00:00:28 (151 turns).

MisterOstroum the Sneak (Draconian Wanderer)         Turns: 151, Time: 00:00:29

Health: -3/17      AC:  4    Str: 14    XL:     1   Next: 83%
Magic:  0/2        EV: 11    Int: 10    God:
Gold:   17         SH:  0    Dex: 12    Spells: 1/2 levels left

rFire    . . .     SeeInvis .   f - +0 dagger
rCold    . . .     Gourm    .   (no shield)
rNeg     . . .     Faith    .   (armour unavailable)
rPois    .         Spirit   .   (helmet restricted)
rElec    .         Reflect  .   (no cloak)
rCorr    .         Harm     .   (no gloves)
MR       .....                  (no boots)
Stlth    ++........             (no amulet)
HPRegen  0.05/turn              (no ring)
MPRegen  0.08/turn              (no ring)

@: no status effects
A: unfitting armour, cold-blooded, AC +4
a: no special abilities


You were on level 1 of the Dungeon.
You were not hungry.

You visited 1 branch of the dungeon, and saw 1 of its levels.

You collected 17 gold pieces.

Inventory:

Hand Weapons
 a - a +0 club
 f - a +0 dagger (weapon)
Scrolls
 g - a scroll of identify {@r1}
Potions
 b - a potion of curing {@q1 !q}
 c - a potion of agility {@q5 !q}
 h - a potion of mutation {unknown}
Comestibles
 d - 2 chunks of flesh
 e - 2 rations {!d}


   Skills:
 + Level 2.1 Fighting
 - Level 3.0 Stealth
 - Level 1.0 Spellcasting
 - Level 2.0 Conjurations
   Level 2.0 Transmutations
   Level 1.0 Evocations


You had one spell level left.
You knew the following spells:

 Your Spells              Type           Power        Failure   Level  Hunger
a - Magic Dart            Conj           #...         16%         1    None

Your spell library contained the following spells:

 Spells                   Type           Power        Failure   Level  Hunger
 Blink                    Tloc           N/A          45%         2    ###....
 Call Imp                 Summ           #.....       45%         2    ###....
 Conjure Flame            Conj/Fire      #.......     56%         3    #####..
 Spider Form              Tmut/Pois      #..          56%         3    #####..
 Mephitic Cloud           Conj/Pois/Air  #.......     63%         3    #####..


Dungeon Overview and Level Annotations

Branches:
Dungeon (1/12)

Altars:


Innate Abilities, Weirdness & Mutations

Your plain brown scales are hard. (AC +4)
You cannot fit into any form of body armour.
You are cold-blooded and may be slowed by cold attacks.


Message History

You hit the hobgoblin.
The hobgoblin is severely wounded.
The hobgoblin misses you.
You hit the hobgoblin.
You kill the hobgoblin!
Your Fighting skill increases to level 2!
No target in view!
No target in view!
No target in view!
No target in view!
No target in view!
No target in view!
You now have 17 gold pieces.
You see here a spear.
You see here a +0 dagger.
h - a fuming puce potion No target in view!
No target in view!
No target in view!
No target in view!
No target in view!
No target in view!
You see here a +0 dagger.
A leopard gecko comes into view.
A leopard gecko is nearby!
Okay, then.
No target in view!
No target in view!
No target in view!
No target in view!
No target in view!
No target in view!
No target in view!
A ball python comes into view.
The ball python hisses angrily.
The leopard gecko hisses angrily.
You barely miss the ball python.
The ball python bites you but does no damage.
The ball python grabs you. The ball python constricts you.
The ball python bites you but does no damage.
The ball python constricts you.
You hit the ball python.
You kill the ball python!
The leopard gecko bites you.
You closely miss the leopard gecko. The leopard gecko bites you.
You are too injured to fight recklessly!
You are too injured to fight recklessly!
You are too injured to fight recklessly!
You are too injured to fight recklessly!
You are too injured to fight recklessly!
You are too injured to fight recklessly!
You are too injured to fight recklessly!
You are too injured to fight recklessly!
You are too injured to fight recklessly!
You are too injured to fight recklessly!
You are too injured to fight recklessly!
You are too injured to fight recklessly!
You are too injured to fight recklessly!
You are too injured to fight recklessly!
You are too injured to fight recklessly!
You are too injured to fight recklessly!
You are too injured to fight recklessly!
A leopard gecko is nearby!
A leopard gecko is nearby!
Casting: Magic Dart (safe; 16% risk of failure)
Confirm with . or Enter, or press ? or * to list all spells.
Aiming: Magic Dart (safe; 16% risk of failure)
Press: ? - help, Shift-Dir - straight line, f - leopard gecko
Aim: a leopard gecko (clinging)
The magic dart hits the leopard gecko but does no damage.
The leopard gecko bites you.
Casting: Magic Dart (safe; 16% risk of failure)
Confirm with . or Enter, or press ? or * to list all spells.
Aiming: Magic Dart (safe; 16% risk of failure)
Press: ? - help, Shift-Dir - straight line, f/p - leopard gecko
Aim: a leopard gecko (clinging)
The magic dart hits the leopard gecko.
The leopard gecko is moderately wounded.
The leopard gecko barely misses you.
Casting: Magic Dart (safe; 16% risk of failure)
Confirm with . or Enter, or press ? or * to list all spells.
You don't have enough magic to cast that spell.
Casting: Magic Dart (safe; 16% risk of failure)
Confirm with . or Enter, or press ? or * to list all spells.
You don't have enough magic to cast that spell.
You miss the leopard gecko.
The leopard gecko is moderately wounded.
The leopard gecko closely misses you.
You closely miss the leopard gecko.
The leopard gecko is moderately wounded.
The leopard gecko bites you.
* * * LOW HITPOINT WARNING * * *
You miss the leopard gecko.
The leopard gecko is moderately wounded.
The leopard gecko bites you.
* * * LOW HITPOINT WARNING * * *
You hit the leopard gecko.
Your tail-slap misses the leopard gecko.
The leopard gecko is almost dead.
The leopard gecko bites you.
You die...

...........#..#
.....[.....##.#
...........#..
...........#.#
#####.######.#
.###..###....### .#
.##....###..##.#####.#
##....)...#....#.l..#
...#####......#.@†..#
#### ####......#..# #
###...## ..# +...$..
..# #....##..##
......# ...#.....
##...#..##. ..## .##


You could see a leopard gecko.

Vanquished Creatures
  2 goblins (D:1)
  A hobgoblin (D:1)
  2 kobolds (D:1)
  A ball python (D:1)
6 creatures vanquished.

Notes
Turn   | Place    | Note
-------+----------+-------------------------------------------
     0 | D:1      | MisterOstroum the Draconian Wanderer began the quest for
                  | the Orb.
     0 | D:1      | MisterOstroum set off with the following items: a +0 club,
                  | a potion of curing {@q1 !q}, a potion of agility {@q5 !q},
                  | a ration {!d}, a +0 dagger; and the following spell
                  | memorised: Magic Dart; and the following spells available
                  | to memorise: Blink, Call Imp, Conjure Flame, Spider Form,
                  | Mephitic Cloud
     0 | D:1      | Reached XP level 1. HP: 16/16 MP: 2/2
   151 | D:1      | Slain by a leopard gecko

Skill      XL: |  1 |
---------------+----+-----
Fighting       | 2 |  2.1
Stealth        | |  3.0
Spellcasting   | |  1.0
Conjurations   | |  2.0
Transmutations | |  2.0
Evocations     | |  1.0

Action                   || total
-------------------------++-------
Melee: Dagger            ||    31
       Tailslap          ||     4
 Cast: Magic Dart        ||     6
Armor: Skin              ||     9
Dodge: Dodged            ||    18
